 Dungeon Crawl Stone Soup version 0.31-a0-691-g409c26aa35 (webtiles) character file.

Game seed: 10770799716061029614

119 Hubris850 the Ruffian (level 4, -5/38 HPs)
             Began as a Draconian Gladiator on Sept 6, 2023.
             Was a Believer of Wu Jian.
             Slain by Grinder (9 damage)
             ... on level 3 of the Dungeon.
             The game lasted 00:04:54 (1478 turns).

Hubris850 the Ruffian (Draconian Gladiator)         Turns: 1478, Time: 00:04:54

Health: -5/38      AC:  6    Str: 18    XL:     4   Next: 74%
Magic:  4/4        EV: 13    Int:  9    God:    Wu Jian [**....]
Gold:   102        SH:  0    Dex: 12    Spells: 3/3 levels left

rFire   . .          .
                       - Unarmed
rCold   . . .        (no shield)
rNeg    . . .        (body armour unavailable)
rPois   .            a - +1 hat
rElec   .            (no cloak)
rCorr   .            (no gloves)
SInv    .            (no boots)
Will    .....        (no amulet)
Stlth   +            (no ring)
HPRegen 0.26/turn    (no ring)
MPRegen 0.09/turn

%: no passive effects
@: no status effects
A: AC +5, unfitting armour, cold-blooded
a: Renounce Religion, Wall Jump


You were on level 3 of the Dungeon.
You worshipped Wu Jian.
Wu Jian was pleased with you.
You visited 1 branch of the dungeon, and saw 3 of its levels.

You collected 102 gold pieces.

Inventory:

Missiles
 c - a javelin
Armour
 a - a +1 hat (worn)
Jewellery
 f - a ring of fire
Scrolls
 h - 3 scrolls of identify
 i - a scroll of vulnerability
Potions
 e - 2 potions of lignification {unknown}
 g - a potion of ambrosia


   Skills:
 - Level 3.0 Fighting
 + Level 2.8 Throwing
 + Level 3.5 Dodging
 + Level 3.8 Unarmed Combat


You had 3 spell levels left.
You didn't know any spells.
Your spell library contained the following spells:

 Spells                   Type           Power      Damage    Failure   Level
 Dazzling Flash           Conj/Hex       0%         N/A       77%         3
 Agony                    Necr           0%         N/A       100%        5
 Silence                  Hex/Air        0%         N/A       100%        5


Dungeon Overview and Level Annotations

Branches:
Dungeon (3/15)

Altars:
Uskayaw
Wu Jian
Zin

Shops:
D:3 *

Annotations:
D:3 Grinder


Innate Abilities, Weirdness & Mutations

Your plain brown scales are hard. (AC +5)
You cannot fit into any form of body armour.
You are cold-blooded and may be slowed by cold attacks.


Message History

Press: ? - help, Q - select action, (/) - cycle Shift-Dir - straight line, f/p - Grinder
Aim: Grinder (moderately wounded, 52% to hit)
You throw a throwing net. The throwing net hits Grinder.
Grinder is caught in the net!
Grinder is moderately wounded.
Grinder struggles against the net.
You hit Grinder but do no damage.
Grinder is moderately wounded.
Grinder gestures at you.
You suddenly lose the ability to move!
Grinder struggles against the net.
Grinder struggles against the net. x2
Grinder blinks!
You can move again.
Unknown command.
Unknown command.
You punch Grinder! Your punch misses Grinder.
Grinder is heavily wounded.
Grinder gestures at you. Pain shoots through your body!
You barely miss Grinder.
Grinder is heavily wounded.
Grinder blinks!
You hit Grinder but do no damage. You tail-slap Grinder.
Grinder is heavily wounded.
Grinder closely misses you.
You hit Grinder but do no damage.
Grinder is heavily wounded.
Grinder hits you but does no damage.
You closely miss Grinder.
Grinder is heavily wounded.
Grinder hits you!
* * * LOW HITPOINT WARNING * * *
You writhe in agony.
* * * LOW HITPOINT WARNING * * *
You punch Grinder! Your punch misses Grinder.
Grinder is severely wounded.
Grinder says, "You look like you could use a good racking."
Grinder hits you!
You die...
Grinder says, "Now the real fun starts!"

.....#...#####
..##))..## .#
..#).##### .#
...)#.......
##.##
)†....#####.
#... #..####
#..# ..## #..#
..#
##.########..#
..#
...(...@5....#
..#
##.########.##
#.# #.# #..
#.# #.# #.#
#.# ###.#
..#.# #.#.#


You could see Grinder.

Vanquished Creatures
  Robin (D:3)
  5 adders
  4 dart slugs
  4 ball pythons
  3 bats
  3 endoplasms (D:2)
  2 giant cockroaches
  7 hobgoblins
  A quokka (D:1)
  5 frilled lizards
  12 goblins
  4 kobolds
  5 rats
56 creatures vanquished.

Notes
Turn   | Place    | Note
-------+----------+-------------------------------------------
     0 | D:1      | Hubris850 the Draconian Gladiator began the quest for the
                  | Orb.
     0 | D:1      | Reached XP level 1. HP: 17/17 MP: 1/1
    92 | D:1      | Found a faded altar of an unknown god.
   119 | D:1      | Prayed at the altar of an unknown god.
   119 | D:1      | Became a worshipper of the Wu Jian Council
   119 | D:1      | Reached * piety under Wu Jian
   283 | D:1      | Reached XP level 2. HP: 22/25 MP: 2/2
   697 | D:2      | Reached XP level 3. HP: 20/30 MP: 3/3
   700 | D:2      | Reached ** piety under Wu Jian
   957 | D:2      | Found a hide-covered altar of Uskayaw.
  1188 | D:3      | Reached XP level 4. HP: 38/38 MP: 4/4
  1213 | D:3      | Noticed Robin
  1230 | D:3      | Killed Robin
  1410 | D:3      | Found Zin's Purification Station.
  1413 | D:3      | Found a glowing silver altar of Zin.
  1444 | D:3      | Noticed Grinder
  1452 | D:3      | Paralysed by Grinder for 4 turns
  1467 | D:3      | Paralysed by Grinder for 5 turns
  1478 | D:3      | Slain by Grinder

Illustrated notes

Levels and vault maps discovered:
D:1:      lemuel_arrival_hallway, layout_basic, ebering_ecumenical_altar_mist
D:2:      layout_rooms, basic_altar, nrook_campfire, minmay_domino_4
D:3:      layout_loops_ring, zin_purify, uniq_terence, uniq_robin, uniq_grinder

Skill      XL: |  1  2  3 |
---------------+----------+-----
Throwing       | 2 |  2.8
Dodging        | 3 |  3.5
Fighting       | 3 |  3.0
Unarmed Combat | |  3.8

Action                     |  1- 3 |  4- 6 || total
---------------------------+-------+-------++-------
  Melee: Unarmed           |   111 |    63 ||   174
         Tailslap          |    11 |     8 ||    19
         Punch             |     1 |     3 ||     4
  Throw: Throwing net      |       |     6 ||     6
Ability: Lunge             |    10 |     3 ||    13
         Whirlwind         |     1 |       ||     1
    Use: Scroll            |     4 |       ||     4
         Potion            |       |     1 ||     1
   Stab: Sleeping          |     2 |       ||     2
 Armour: Skin              |    41 |    32 ||    73
  Dodge: Dodged            |    67 |    19 ||    86

Table legend: (Time is in decaauts)
 A = Elapsed time spent in this place.
 B = Non-inter-level travel time spent in this place.
 C = Inter-level travel time spent in this place.
 D = Time resting spent in this place.
 E = Time spent auto-exploring this place.
 F = Levels seen in this place.
 G = Mean time per level.
                   A        B        C        D        E       F      G
               +--------+--------+--------+--------+--------+-----+--------+
         Total |   1466 |   1414 |     52 |     31 |   1004 |   3 |  488.7 |
       Dungeon |   1466 |   1414 |     52 |     31 |   1004 |   3 |  488.7 |
               +--------+--------+--------+--------+--------+-----+--------+

Top non-repeatable levels by time:
     D:1: 657 daAuts
     D:2: 514 daAuts
     D:3: 294 daAuts
